 Dungeon Crawl Stone Soup version 0.21-a0-521-g1cd18d1 (webtiles) character file.

2080 theanonym the Martial Artist (level 9, -5/72 HPs)
             Began as a Vine Stalker Monk on Dec 5, 2017.
             Was a Priest of Elyvilon.
             Slain by a vampire (6 damage)
             ... on level 9 of the Dungeon.
             The game lasted 00:12:09 (6187 turns).

theanonym the Martial Artist (Vine Stalker Monk)    Turns: 6187, Time: 00:12:09

Health: -5/72      AC:  5    Str: 22    XL:     9   Next: 26%
Magic:  0/13       EV: 13    Int: 10    God:    Elyvilon [***...]
Gold:   338        SH:  0    Dex: 17    Spells: 8/8 levels left

rFire    . . .     SeeInvis +     - Unarmed
rCold    . . .     Gourm    .   (no shield)
rNeg     . . .     Faith    .   s - +0 leather armour (curse) {4}
rPois    .         Spirit   +   (no helmet)
rElec    .         Reflect  .   q - +0 cloak
rCorr    .         Harm     .   i - +0 pair of gloves
MR       ++...                  (no boots)
Stlth    ..........             (no amulet)
HPRegen  0.62/turn              k - ring of see invisible {SInv}
MPRegen  0.13/turn              l - ring of protection from magic {MR+}

@: berserking, hasted, very quick
A: fangs 3, regeneration 1, magic shield, antimagic bite, no potion heal 3, rot
immunity
a: Lesser Healing, Heal Other, Purification, Divine Protection, Renounce
Religion


Innate Abilities, Weirdness & Mutations

You have razor-sharp teeth.
Your natural rate of healing is unusually fast.
When hurt, damage is shared between your health and your magic reserves.
Your bite disrupts and absorbs the magic of your enemies.
Potions cannot restore your health.
You are immune to rotting.


   Skills:
 + Level 6.3 Fighting
 - Level 2.4 Dodging
 - Level 2.4 Stealth
 * Level 9.4 Unarmed Combat
 + Level 4.7 Invocations


You had 8 spell levels left.
You didn't know any spells.

Skill      XL: |  1  2  3  4  5  6  7  8  9 |
---------------+----------------------------+-----
Fighting       | 3 4 5 6 |  6.3
Unarmed Combat | 5 6 7 8 9 |  9.4
Invocations    | 1 2 4 |  4.7
Dodging        | |  2.4
Stealth        | |  2.4

Action                   |  1- 3 |  4- 6 |  7- 9 || total
-------------------------+-------+-------+-------++-------
Melee: Unarmed           |    74 |   160 |   225 ||   459
       Bite              |    19 |    41 |    71 ||   131
       Punch             |     2 |     6 |    13 ||    21
Evoke: Wand              |       |       |     7 ||     7
       Sack of spiders   |       |       |     3 ||     3
  Use: Potion            |     2 |     4 |     4 ||    10
       Scroll            |       |     1 |    11 ||    12
 Stab: Sleeping          |     5 |     2 |     1 ||     8
       Distracted        |       |       |     1 ||     1
  Eat: Chunk             |     1 |     4 |     3 ||     8
       Meat ration       |       |     1 |       ||     1
       Bread ration      |       |       |     1 ||     1
Armor: Robe              |     5 |     9 |       ||    14
       Scale mail        |       |    27 |    38 ||    65
       Chain mail        |       |       |    38 ||    38
       Leather armour    |       |       |     3 ||     3
Dodge: Dodged            |    51 |    77 |    80 ||   208

Inventory:

Armour
 a - a +0 robe {0}
 c - a +0 scale mail {10}
   (You took it off Terence on level 2 of the Dungeon)
 i - a +0 pair of gloves (worn)
   (You found it on level 1 of the Dungeon)
 q - a +0 cloak (worn)
   (You took it off Crazy Yiuf on level 5 of the Dungeon)
 s - a cursed +0 leather armour (worn) {4}
   (You found it on level 10 of the Dungeon)
 x - a +0 chain mail
   (You found it on level 5 of the Dungeon)
Jewellery
 k - a ring of see invisible (left hand) {SInv}
   (You found it on level 1 of the Dungeon)
 l - a ring of protection from magic (right hand) {MR+}
   (You found it on level 10 of the Dungeon)
 r - a +2 ring of dexterity {unknown}
   (You found it on level 10 of the Dungeon)
Wands
 j - a wand of disintegration (11)
   (You found it on level 4 of the Dungeon)
 u - a wand of flame (15)
   (You found it on level 4 of the Dungeon)
 B - a wand of iceblast (8)
   (You found it on level 6 of the Dungeon)
Scrolls
 f - a scroll of fog {!r}
 n - 2 scrolls of immolation
 t - 4 scrolls of teleportation {!r}
Potions
 d - a potion of lignification
 g - 2 potions of ambrosia {unknown}
 h - a potion of brilliance
 o - a potion of haste
 w - 3 potions of curing
 A - a potion of cancellation
Comestibles
 b - 5 bread rations
 e - 2 meat rations
 p - a royal jelly

Dungeon Overview and Level Annotations

Branches:
Dungeon (10/15)            Temple (1/1) D:4             Orc (0/2) D:10
   Lair: D:8-11

Altars:
Ashenzari
Dithmenos
Elyvilon
Fedhas
Hepliaklqana
Kikubaaqudgha
Makhleb
Okawaru
Ru
Sif Muna
Trog
Uskayaw
Vehumet
Wu Jian
Xom
Yredelemnul
Zin
The Shining One

Shops:
D:5 %

Annotations:
D:3 Purgy


You were on level 9 of the Dungeon.
You worshipped Elyvilon.
Elyvilon was most pleased with you.
You were not hungry.

You visited 2 branches of the dungeon, and saw 10 of its levels.

You collected 353 gold pieces.
You donated 15 gold pieces to Zin.


Message History

You start resting.
You regained 4 hp, and now have 35/48 hp.
MP restored: 13 You start resting.
Some of the chunks of flesh in your inventory have rotted away.
A worker ant comes into view.
You regained 4 hp, and now have 39/48 hp.
There is an open door here.
You start resting.
Health restored: 48
Okay, then.
Unknown command.
As you read the scroll labeled BIKHAD WEF EBO, it crumbles to dust.
You feel aware of your surroundings.
You sensed 1 altar, and 1 shop/portal.
It was a scroll of magic mapping.
There is an open door here.
You butcher the worker ant corpse.
z - 13 chunks of flesh (gained 1)
There is an open door, spattered with blood here.
You see here a giant club.
There is an open door, spattered with blood here.
You see here a giant club.
An orc warrior comes into view. It is wielding a dire flail.
The orc warrior shouts!
There is an open door, spattered with blood here.
You see here a giant club.
There is an open door here.
There is an open door here.
There is a stone staircase leading up here.
You climb upwards.
Found a book of Misfortune.
There is a stone staircase leading down here.
Some of the chunks of flesh in your inventory have rotted away.
Some of the chunks of flesh in your inventory have rotted away.
You found a shaft!
A quokka and a skeleton come into view.
You are feeling hungry.
There are monsters nearby!
You catch the helpless quokka skeleton completely off-guard!
You punch the quokka skeleton!
You destroy the quokka skeleton!
The helpless quokka fails to defend itself.
You punch the quokka!
You kill the quokka!
No target in view!
No target in view!
No target in view!
Eating a chunk of flesh.
You eat the chunk of flesh.
A vampire comes into view.
You see here a quokka corpse.
A vampire is nearby!
A vampire is nearby!
A hound comes into view.
The hound barks!
You barely miss the vampire. Your punch misses the vampire.
Your bite misses the vampire. The vampire barely misses you.
The vampire bites you!
The vampire draws strength from your injuries!
You take 8 damage, and have 40/48 hp.
You now have 11/13 mp.
You hit the vampire. Your bite misses the vampire. The hound barely misses you.
The vampire hits you. The vampire bites you!
The vampire draws strength from your injuries!
The hound closely misses you.
You take 9 damage, and have 31/48 hp.
You now have 9/13 mp.
You hit the vampire but do no damage. You bite the vampire, but do no damage.
The vampire hits you. The vampire bites you.
The vampire draws strength from your injuries!
The hound completely misses you.
You take 6 damage, and have 25/48 hp.
You now have 7/13 mp.
You closely miss the vampire. Your bite misses the vampire.
The hound barely misses you.
The vampire mumbles some strange words.
The vampire flickers and vanishes for a moment.
You punch the vampire! You bite the vampire, but do no damage.
The hound bites you. The vampire hits you!
* * * LOW MAGIC WARNING * * *;
* * * LOW HITPOINT WARNING * * *
The vampire closely misses you.
You take 10 damage, and have 16/48 hp.
MASSIVE DAMAGE!!
You now have 5/13 mp.
You are too injured to fight recklessly!
You are too injured to fight recklessly!
You are too injured to fight recklessly!
You are too injured to fight recklessly!
You are too injured to fight recklessly!
You are too injured to fight recklessly!
You feel yourself speed up. The hound closely misses you. The hound bites you.
* * * LOW MAGIC WARNING * * *;
* * * LOW HITPOINT WARNING * * *
The vampire hits you.
* * * LOW MAGIC WARNING * * *;
* * * LOW HITPOINT WARNING * * *
The vampire bites you!
* * * LOW MAGIC WARNING * * *;
* * * LOW HITPOINT WARNING * * *
The vampire draws strength from your injuries!
You take 15 damage, and have 1/48 hp.
MASSIVE DAMAGE!!
You now have 0/13 mp.
Okay, then.
Really quaff
v - a potion of berserk rage {!q}?
A red film seems to cover your vision as you go berserk!
You feel yourself moving faster!
You feel mighty! The hound completely misses you.
You now have 1/72 hp.
You hit the vampire. Your bite misses the vampire. The vampire hits you.
You die...

.# .# #.# ##..
...# #..# #Vh#
#@.# #..# #..#
#†.# #..# #..#
#..#
#.#########..#
#............##


You could see a vampire (invisible) and a hound.

Notes
Turn   | Place    | Note
-------+----------+-------------------------------------------
     0 | D:1      | theanonym the Vine Stalker Monk began the quest for the Orb.
     0 | D:1      | Reached XP level 1. HP: 11/11 MP: 2/2
   264 | D:1      | HP: 5/11 [dart slug/slug dart (6)]
   265 | D:1      | Reached XP level 2. HP: 8/16 MP: 3/3
   785 | D:1      | Reached skill level 3 in Fighting
   908 | D:2      | Found a radiant altar of Vehumet.
   962 | D:2      | Reached XP level 3. HP: 12/20 MP: 4/4
  1091 | D:2      | Noticed Sigmund
  1100 | D:2      | Killed Sigmund
  1100 | D:2      | Reached skill level 5 in Unarmed Combat
  1100 | D:2      | Gained mutation: Your natural rate of healing is unusually fast. [Vine Stalker growth]
  1100 | D:2      | Reached XP level 4. HP: 25/25 MP: 5/5
  1100 | D:2      | Reached XP level 5. HP: 29/29 MP: 6/6
  1352 | D:2      | Noticed Terence
  1366 | D:2      | HP: 10/29 [Terence/short sword (6)]
  1369 | D:2      | Killed Terence
  1369 | D:2      | Reached skill level 4 in Fighting
  1539 | D:2      | Reached XP level 6. HP: 27/33 MP: 7/7
  1663 | D:2      | Found a deep blue altar of Sif Muna.
  1847 | D:3      | Found a sacrificial altar of Ru.
  1939 | D:3      | Noticed Purgy
  2285 | D:3      | Found a shimmering altar of Xom.
  2349 | D:3      | Found a glowing silver altar of Zin.
  2349 | D:3      | Found a burning altar of Makhleb.
  2350 | D:3      | Noticed a green death
  2350 | D:3      | Noticed an angel
  2358 | D:3      | Noticed Natasha
  2365 | D:3      | Killed Natasha
  2388 | D:3      | Became a worshipper of Zin the Law-Giver
  2388 | D:3      | Reached * piety under Zin
  2388 | D:3      | Reached ** piety under Zin
  2523 | D:4      | HP: 15/33 [orc priest/divine providence (9)]
  2526 | D:3      | Reached skill level 6 in Unarmed Combat
  2553 | D:3      | Noticed Natasha
  2731 | D:3      | Killed Natasha
  2856 | D:4      | Found a staircase to the Ecumenical Temple.
  2865 | Temple   | Entered the Ecumenical Temple
  2963 | Temple   | Fell from the grace of Zin
  2963 | Temple   | Became a worshipper of Elyvilon the Healer
  2963 | Temple   | Reached * piety under Elyvilon
  3056 | D:4      | Reached skill level 1 in Invocations
  3056 | D:4      | Reached XP level 7. HP: 23/38 MP: 5/8
  3058 | D:4      | HP: 18/38 [poisoned by a scorpion]
  3063 | D:4      | HP: 14/38 [poisoned by a scorpion]
  3068 | D:4      | HP: 12/38 [poisoned by a scorpion]
  3073 | D:4      | HP: 10/38 [poisoned by a scorpion]
  3079 | D:4      | HP: 10/38 [poisoned by a scorpion]
  3085 | D:4      | HP: 11/38 [poisoned by a scorpion]
  3093 | D:4      | HP: 14/38 [poisoned by a scorpion]
  3480 | D:4      | Reached ** piety under Elyvilon
  3636 | D:4      | HP: 13/38 [orc priest/divine providence (14)]
  3706 | D:4      | Reached skill level 2 in Invocations
  4029 | D:5      | Entered Level 5 of the Dungeon
  4083 | D:5      | Reached skill level 7 in Unarmed Combat
  4163 | D:5      | Reached skill level 5 in Fighting
  4214 | D:5      | Gained mutation: You have razor-sharp teeth. [Vine Stalker growth]
  4214 | D:5      | Reached XP level 8. HP: 38/43 MP: 8/10
  4474 | D:5      | Found Timosyor's Food Boutique.
  4488 | D:5      | Found a runed door.
  4592 | D:5      | HP: 14/43 [ogre/giant club (13)]
  4879 | D:5      | Noticed Crazy Yiuf
  4881 | D:5      | Killed Crazy Yiuf
  4881 | D:5      | Reached skill level 3 in Invocations
  4964 | D:6      | Reached *** piety under Elyvilon
  5035 | D:6      | Reached skill level 8 in Unarmed Combat
  5081 | D:6      | Found an ancient bone altar of Kikubaaqudgha.
  5339 | D:6      | Reached skill level 4 in Invocations
  5660 | D:7      | Reached XP level 9. HP: 48/48 MP: 13/13
  5691 | D:7      | Reached skill level 6 in Fighting
  5720 | D:7      | Reached skill level 9 in Unarmed Combat
  5742 | D:7      | You fall through a shaft for 3 floors!
  5742 | D:10     | Entered Level 10 of the Dungeon
  6184 | D:9      | HP: 16/48 [vampire (9)]
  6185 | D:9      | HP: 1/48 [vampire (10)]
  6187 | D:9      | Slain by a vampire

Vanquished Creatures
  Sigmund (D:2)
  An ice beast (D:6)
  2 necrophages (D:6)
  4 ogres
  A centaur (D:10)
  A bullfrog (D:6)
  3 scorpions
  A wyvern skeleton (D:7)
  A crimson imp (D:7)
  A centaur zombie (D:6)
  2 bullfrog zombies
  3 hounds
  Crazy Yiuf (D:5)
  3 orc priests
  A centaur skeleton (D:6)
  7 worker ants
  Natasha (twice) (D:3)
  2 iguanas
  An orc wizard (D:4)
  Terence (D:2)
  A hound zombie (D:7)
  A hound skeleton (D:7)
  3 gnolls
  6 adders
  An ooze (D:2)
  3 worms
  2 dart slugs
  7 leopard geckos
  11 orcs
  4 giant cockroaches
  7 hobgoblins
  3 jackals (D:7)
  4 quokkas
  A ball python skeleton (D:4)
  6 bats
  A frilled lizard (D:2)
  8 goblins
  7 kobolds
  A quokka skeleton (D:9)
  8 rats
124 creatures vanquished.

Vanquished Creatures (collateral kills)
  An orc warrior (D:10)
  A quasit (D:10)
  An orc wizard (D:10)
  A worker ant (D:10)
  An orc (D:10)
  4 jackals (D:10)
9 creatures vanquished.

Grand Total: 133 creatures vanquished

Table legend:
 A = Turns spent in this place as a percentage of turns spent in the entire game.
 B = Non-inter-level travel turns spent in this place as a percentage of non-inter-level travel turns spent in the entire game.
 C = Inter-level travel turns spent in this place as a percentage of turns spent in this place.
 D = Turns resting spent in this place as a percentage of non-inter-level travel turns spent in this place.
 E = Turns spent auto-exploring this place as a percentage of non-inter-level travel turns spent in this place.
 F = Non-inter-level travel turns spent in this place divided by the number of levels of this place that you've seen.
                   A       B       C       D       E      F
               +-------+-------+-------+-------+-------+----------------------
         Total | 100.0 | 100.0 |   4.5 |  20.3 |  59.2 | 590.8
       Dungeon |  98.2 |  98.3 |   4.4 |  20.7 |  58.6 | 645.3
        Temple |   1.8 |   1.7 |   8.3 |   0.0 |  91.0 | 100.0
               +-------+-------+-------+-------+-------+----------------------
